Map: NeoHumanity LE

Players

PIMKIE

  • Race: Terran Terran
  • League: Platinum
  • Spawn Location: 5:00

apl - Winner!

  • Race: Protoss Protoss
  • League: Platinum
  • Spawn Location: 11:00

VOD

Have the link to the VOD?

Description

Time

  • Played on: Sept. 22, 2023, 11:34 a.m.
  • Length: 22:17
Show
View Real Time Build Order
Export as new Build Order

PIMKIE Terran 

Build Orders:  

Get SALT Encoding   

  12  0:00  SCV  
  13  0:12  SCV  
  14  0:17  Supply Depot  
  14  0:24  SCV  
  15  0:38  SCV  
  15  0:41  Barracks  
  16  0:55  SCV  
  17  1:01  Refinery  
  17  1:07  SCV  
  18  1:19  SCV  
  19  1:29  Marine  
  19  1:31  Orbital Command  
  20  1:43  Command Center  
  20  1:49  Barracks Reactor  
  20  1:53  Supply Depot  
  20  2:00  SCV  
  21  2:12  Bunker  
  21  2:20  SCV  
  21  2:22  Factory  
  22  2:27  Marine x2  
  24  2:31  Refinery  
  24  2:45  Marine x2  
  24  2:49  SCV  
  27  2:55  Orbital Command  
  27  3:01  SCV  
  27  3:04  Marine x2  
  30  3:08  Hellion  
  30  3:12  Starport  
  32  3:17  SCV  
  33  3:22  Marine x2  
  33  3:25  SCV  
  36  3:35  Hellion  
  36  3:37  SCV  
  39  3:43  SCV  
  39  3:45  Marine x2  
  42  3:49  SCV  
  42  3:50  Medivac  
  42  3:55  SCV  
  46  4:02  Supply Depot  
  46  4:07  SCV x2  
  46  4:08  Hellion  
  50  4:10  Marine x2  
  52  4:24  Barracks  
  52  4:26  Barracks  
  52  4:29  Marine x2  
  52  4:30  Starport Tech Lab  
  54  4:32  Factory Tech Lab  
  54  4:36  SCV  
  54  4:37  SCV  
  56  4:44  Refinery  
  56  4:49  SCV x2  
  56  4:51  Siege Tank  
  61  5:01  SCV  
  61  5:02  Supply Depot  
  62  5:10  Supply Depot  
  62  5:12  Barracks Tech Lab  
  62  5:13  Barracks Tech Lab  
  62  5:24  Raven, Marine x2, SCV x2  
  64  5:36  SCV x2  
  64  5:41  Marine x2  
  68  5:46  Engineering Bay  
  68  5:48  SCV  
  68  5:49  SCV  
  70  6:00  SCV  
  70  6:01  SCV  
  71  6:12  Marine x2, SCV  
  71  6:13  Marauder x2  
  71  6:14  Stimpack, Combat Shield  
  78  6:20  Supply Depot  
  78  6:31  Terran Infantry Weapons Level 1  
  78  6:37  Missile Turret  
  78  6:39  Missile Turret  
  78  6:41  Raven, SCV x2  
  78  6:42  Marauder x2  
  78  6:46  Supply Depot x2  
  86  6:49  Engineering Bay  
  86  6:57  Siege Tank, Marine x2, SCV x2  
  93  7:02  Marine  
  94  7:09  SCV x2  
  94  7:13  Refinery  
  96  7:23  SCV x2  
  96  7:25  Marine x2  
  96  7:26  Marauder x2  
  104  7:30  Supply Depot  
  104  7:33  Supply Depot, Concussive Shells  
  104  7:35  SCV  
  104  7:36  SCV  
  105  7:41  Command Center  
  105  7:48  SCV x2  
  109  7:57  Terran Infantry Armor Level 1  
  107  7:59  Starport Reactor  
  107  8:00  SCV x2  
  109  8:12  SCV x2  
  111  8:14  Command Center, Marine x2  
  111  8:15  Marauder x2  
  117  8:20  Supply Depot  
  117  8:22  Supply Depot  
  117  8:25  Siege Tank  
  120  8:32  Marine x2  
  122  8:37  Marauder x2  
  122  8:41  Armory  
  126  8:48  Barracks  
  126  8:50  Barracks  
  126  8:57  Barracks  
  126  8:58  Orbital Command  
  126  9:00  SCV x2  
  128  9:05  Refinery  
  128  9:10  Medivac x2  
  128  9:12  SCV x2  
  128  9:16  Siege Tank  
  137  9:26  Planetary Fortress  
  137  9:31  Missile Turret  
  137  9:32  Marine  
  137  9:33  Marauder, Marine x2  
  137  9:37  Supply Depot  
  142  9:40  Medivac x2  
  142  9:41  Supply Depot  
  142  9:44  Barracks Tech Lab  
  142  9:45  Barracks Tech Lab  
  146  9:46  Barracks Reactor  
  146  9:51  Marauder  
  146  9:52  Marine x2  
  148  9:54  Marine  
  148  9:55  SCV x2  
  148  9:59  Refinery  
  153  10:03  Siege Tank  
  156  10:08  Marine  
  156  10:09  Marine  
  156  10:12  Marauder  
  156  10:13  Marauder  
  162  10:23  SCV x4  
  162  10:27  Marauder x2  
  170  10:32  Marine x2  
  170  10:33  Marine x2  
  170  10:34  Marauder x2  
  170  10:35  SCV x4  
  182  10:43  Supply Depot  
  182  10:44  Supply Depot, Siege Tank  
  182  10:46  Terran Vehicle Weapons Level 1  
  182  10:48  Marauder, Marine  
  188  10:58  Marine x2  
  174  11:14  Marine x2  
  174  11:15  Marauder x4  
  174  11:16  Marine x2  
  174  11:17  Siege Tank  
  164  11:32  Marine x2  
  163  11:34  Marine  
  163  11:36  Marauder  
  163  11:37  Marauder x3  
  167  11:49  Siege Tank  
  165  11:57  Medivac x2  
  165  11:58  Marine, Marauder x2  
  165  11:59  Marauder, Marine x3  
  165  12:00  Marauder  
  179  12:05  SCV x4  
  179  12:08  Terran Infantry Weapons Level 2, Terran Infantry Armor Level 2  
  183  12:16  Marine x2  
  183  12:17  Marine, SCV x2  
  183  12:18  Factory  
  183  12:19  Marauder x2  
  183  12:21  Siege Tank  
  195  12:27  Medivac x2  
  199  12:30  Factory  
  199  12:37  Marine  
  200  12:47  Terran Vehicle Weapons Level 2  
  200  12:48  Ghost Academy  
  200  12:58  Command Center x2  
  200  13:00  Command Center  
  165  14:47  Marauder, Marine x3  
  165  14:48  Marine, Marauder x3  
  165  14:50  Factory Tech Lab, Siege Tank  
  135  15:04  Marine x2  
  135  15:05  Marine  
  128  15:09  Marauder x4, Starport  
  133  15:14  Starport  
  133  15:16  Planetary Fortress  
  133  15:17  Planetary Fortress  
  133  15:18  Missile Turret  
  133  15:19  Missile Turret  
  129  15:22  Marine x2  
  129  15:23  Marine x2  
  131  15:30  Marauder x3, Marine  
  138  15:40  Marine x2  
  138  15:41  Marine x2  
  142  15:43  Terran Infantry Armor Level 3, Terran Infantry Weapons Level 3  
  142  15:44  Terran Vehicle Weapons Level 3  
  142  15:48  Marauder, Medivac x2  
  148  15:50  Starport Tech Lab  
  148  15:51  Marine  
  148  15:52  Marauder x2, Starport Tech Lab  
  148  15:58  Marine x4  
  145  16:10  Marauder x2  
  149  16:13  Marauder x2  
  149  16:14  SCV x4  
  149  16:16  Marine  
  158  16:23  Command Center, Marine x2  
  160  16:26  SCV  
  160  16:28  Personal Cloaking  
  160  16:30  Medivac x2  
  160  16:31  Marauder x2  
  169  16:34  Marauder x2  
  171  16:44  SCV x4  
  175  16:52  Ghost, Marauder  
  179  16:55  Ghost x2  
  179  16:56  SCV x4  
  179  16:58  Missile Turret  
  179  17:00  Marine x2  
  179  17:01  Marine x2  
  190  17:03  Missile Turret  
  190  17:07  Command Center  
  191  17:11  Refinery, Medivac x2  
  191  17:12  Refinery  
  191  17:13  Ghost, Factory Tech Lab  
  197  17:18  Marine x3  
  133  18:35  Viking x2  
  133  18:37  Viking x2  
  133  18:40  Marine x4  
  133  18:41  Marine x4  
  144  18:58  Marine x6  
  144  18:59  Marine x2  
  138  19:05  Viking x2  
  138  19:07  Viking x2  
  123  19:16  Marine x6  
  123  19:17  Marauder, Marine  
  126  19:34  Marine x3  
  126  19:35  Marauder x3, Viking x2  
  126  19:37  Viking x2  
  143  19:39  Marauder  
  145  19:47  SCV x4  
  149  19:54  Marine x4  
  149  19:55  Ghost  
  149  19:56  Marauder x2  
  149  19:58  Terran Ship Weapons Level 1  
  149  19:59  Ghost, SCV x2  
  161  20:05  Viking x2  
  170  20:07  Viking x2  
  162  20:11  Marine x2, Planetary Fortress  
  162  20:12  Marine x2  
  167  20:17  Marine x2  
  165  20:24  Marine  
  156  20:35  Viking x2  
  159  20:37  Viking  
  161  20:58  Ghost x2  
  161  20:59  Viking  
  167  21:05  Viking x2  
  167  21:07  Viking  
  171  21:24  Marine x2  
  171  21:25  Marine x4  
  129  21:26  Marine  
  129  21:27  Marine  
  129  21:29  Viking  
  109  21:35  Viking x2  
  109  21:37  Viking  
  100  21:42  Marine x4  
  100  21:43  Marine x2  
  100  21:44  Marine x2  
Show
View Real Time Build Order
Export as new Build Order

apl Protoss - Winner!

Build Orders: Carriers, Dark Templar Rush 

Get SALT Encoding   

  12  0:00  Probe  
  13  0:12  Probe  
  14  0:17  Pylon  
  14  0:25  Probe  
  15  0:35  Gateway  
  15  0:37  Probe (Chrono Boost)  
  16  0:47  Probe (Chrono Boost)  
  16  0:48  Assimilator  
  17  0:52  Probe (Chrono Boost)  
  17  0:57  Assimilator  
  18  1:03  Probe  
  19  1:10  Pylon  
  19  1:16  Probe  
  20  1:24  Cybernetics Core  
  20  1:28  Probe  
  21  1:40  Probe  
  22  1:51  Nexus  
  22  1:56  Probe  
  22  1:57  Warp Gate (Chrono Boost)  
  23  2:04  Adept  
  25  2:13  Gateway  
  26  2:15  Probe  
  26  2:27  Probe  
  27  2:33  Twilight Council  
  27  2:45  Robotics Facility  
  27  2:48  Probe  
  28  2:52  Shield Battery  
  28  3:00  Probe  
  28  3:04  Probe  
  31  3:12  Probe  
  31  3:13  Gateway  
  31  3:16  Probe  
  32  3:20  Dark Shrine  
  32  3:24  Probe  
  33  3:28  Probe  
  33  3:33  Assimilator  
  34  3:37  Probe  
  34  3:38  Sentry  
  34  3:40  Probe  
  38  3:44  Stalker  
  40  3:49  Probe, Observer (Chrono Boost)  
  40  3:52  Probe  
  43  4:01  Probe  
  44  4:04  Probe  
  44  4:09  Pylon  
  45  4:13  Probe  
  46  4:17  Pylon  
  46  4:21  Pylon  
  46  4:23  Warp Prism (Chrono Boost)  
  46  4:24  Pylon  
  46  4:27  Probe x2  
  50  4:32  Assimilator  
  50  4:44  Stalker  
  50  4:45  Stalker  
  54  4:51  Shield Battery  
  58  4:52  Immortal  
  58  5:07  Shield Battery  
  58  5:11  Probe  
  59  5:19  Dark Templar x3  
  59  5:31  Probe x2  
  56  5:43  Probe x2  
  58  5:55  Probe x2, Dark Templar  
  58  5:56  Dark Templar x2  
  64  6:08  Probe x2  
  62  6:20  Probe x2  
  64  6:49  Immortal, Forge  
  64  6:53  Pylon  
  68  6:55  Pylon  
  68  6:57  Probe  
  68  6:58  Probe  
  70  7:01  Templar Archives  
  70  7:09  Probe  
  70  7:10  Probe  
  72  7:18  Nexus  
  72  7:21  Probe  
  72  7:22  Probe  
  74  7:23  Pylon  
  74  7:25  Dark Templar  
  74  7:26  Dark Templar  
  74  7:29  Stalker  
  80  7:47  Protoss Shields Level 1 (Chrono Boost)  
  80  7:49  Psionic Storm  
  80  7:53  Immortal, Pylon  
  84  7:58  Photon Cannon  
  84  8:00  Photon Cannon  
  84  8:01  High Templar x2  
  84  8:03  Probe  
  84  8:04  Probe  
  90  8:08  Charge  
  90  8:13  Gateway  
  90  8:15  Gateway  
  90  8:16  Probe x2  
  90  8:17  Gateway  
  92  8:20  Gateway  
  92  8:27  Immortal  
  96  8:36  Probe x2  
  96  8:39  Probe  
  99  8:42  Shield Battery  
  99  8:44  Gateway  
  99  8:48  Probe x2  
  101  8:50  Pylon  
  101  8:54  Photon Cannon  
  101  8:56  Pylon  
  101  8:59  High Templar x3  
  107  9:04  Probe x3  
  107  9:05  Pylon  
  107  9:06  Assimilator  
  110  9:10  Pylon, Assimilator  
  110  9:16  Probe  
  111  9:19  Forge  
  111  9:21  Probe x2  
  113  9:25  Zealot  
  113  9:26  Zealot x3  
  113  9:28  Probe  
  122  9:33  Probe  
  123  9:39  Probe  
  123  9:40  Probe  
  123  9:42  Pylon  
  125  9:45  Probe  
  125  9:50  Gateway  
  125  9:52  Photon Cannon  
  126  9:57  Photon Cannon  
  126  9:59  Stargate  
  126  10:02  Photon Cannon  
  126  10:10  Nexus  
  126  10:11  Protoss Ground Weapons Level 1 (Chrono Boost)  
  126  10:13  Pylon, Protoss Shields Level 2 (Chrono Boost)  
  126  10:21  Observer (Chrono Boost)  
  127  10:25  Blink  
  127  10:34  Shield Battery, Immortal (Chrono Boost)  
  127  10:36  Gateway  
  127  10:40  Pylon  
  127  10:41  Probe  
  127  10:42  Probe  
  133  10:43  Probe  
  133  10:47  High Templar x2  
  133  10:48  High Templar x2  
  141  10:57  Photon Cannon  
  141  11:00  Assimilator  
  101  11:15  Zealot x5  
  98  11:34  Zealot x4  
  102  11:48  Immortal  
  104  12:05  Probe x2, Pylon  
  104  12:06  Probe, Nexus  
  104  12:07  Assimilator  
  107  12:09  Assimilator  
  107  12:17  High Templar  
  107  12:18  High Templar x8  
  125  12:27  Immortal  
  129  12:33  Probe x3, Nexus  
  132  12:45  Probe x3  
  132  12:50  Phoenix (Chrono Boost), Stargate, Pylon  
  137  12:53  Fleet Beacon, Pylon  
  137  12:58  Zealot x9  
  155  13:06  Phoenix (Chrono Boost)  
  155  13:07  Immortal  
  155  13:12  Probe x3  
  164  13:13  Protoss Shields Level 3 (Chrono Boost)  
  164  13:24  Probe x2  
  166  13:28  Phoenix (Chrono Boost)  
  166  13:29  Protoss Ground Weapons Level 2 (Chrono Boost)  
  168  13:40  Phoenix (Chrono Boost)  
  170  13:44  Protoss Air Weapons Level 1 (Chrono Boost)  
  170  14:07  Stalker x6  
  169  14:22  Dark Templar x3  
  85  14:57  Dark Templar x7  
  95  15:01  Dark Templar  
  92  15:17  Probe x4  
  96  15:21  Assimilator  
  96  15:29  Probe  
  96  15:30  Dark Templar x2  
  96  15:31  Dark Templar x2  
  96  15:34  Probe x3  
  108  15:41  Probe  
  109  15:45  Carrier  
  109  15:47  Zealot x5  
  125  15:56  Nexus  
  117  16:05  High Templar  
  119  16:12  High Templar  
  119  16:14  Zealot x6  
  119  16:15  Zealot  
  135  16:26  Probe x2  
  135  16:27  Probe x2  
  135  16:31  Protoss Ground Weapons Level 3  
  139  16:37  Pylon  
  139  16:38  Probe  
  136  16:41  Carrier (Chrono Boost)  
  136  16:46  Assimilator  
  138  16:47  Zealot x4  
  138  16:48  Zealot x5, Assimilator  
  156  16:58  Probe x4  
  160  17:02  Carrier (Chrono Boost)  
  166  17:17  Protoss Air Weapons Level 2 (Chrono Boost), High Templar  
  166  17:19  Zealot  
  166  17:20  Zealot x5  
  180  17:29  Carrier  
  180  17:43  Stargate  
  186  17:51  Carrier  
  186  17:58  Nexus  
  186  18:00  Pylon  
  186  18:03  Pylon  
  192  18:12  Unknown  
  192  18:15  Pylon  
  192  18:19  Pylon  
  132  18:34  Zealot x9  
  121  19:03  Dark Templar  
  121  19:04  Dark Templar x3  
  121  19:05  Nexus  
  127  19:15  Carrier x2  
  139  19:20  Pylon  
  139  19:21  Assimilator  
  139  19:22  Pylon  
  139  19:23  Assimilator  
  139  19:31  Carrier  
  145  19:32  Pylon  
  145  19:34  High Templar  
  145  19:35  Stargate  
  145  19:36  Zealot  
  145  19:37  Zealot x2  
  153  19:56  Zealot x4  
  161  20:19  Carrier x2  
  173  20:35  Carrier x2  
  173  21:01  High Templar  
  173  21:02  High Templar  
  177  21:07  Zealot x7  
  162  21:45  Zealot x4  
  162  21:46  Zealot x5  
  180  21:51  Probe x2  
  180  21:52  Probe  
Tags
 
Add a new tag
Caveats
  • Supply blocks, unpowered buildings, or Contaminate may cause inaccurate times.
  • Supply counts are checked every 10 seconds.